 Dungeon Crawl Stone Soup version 0.25.0-33-gff14898491 (webtiles) character file.

Game seed: 8314615910578625839

40 xccam the Sneak (level 3, -1/24 HPs)
             Began as an Octopode Assassin on July 7, 2020.
             Slain by a goblin
             ... wielding a +0 club
             ... led by Robin
              (4 damage)
             ... on level 2 of the Dungeon.
             The game lasted 00:00:59 (658 turns).

xccam the Sneak (Octopode Assassin)                  Turns: 658, Time: 00:01:00

Health: -1/24      AC:  1    Str: 10    XL:     3   Next: 50%
Magic:  3/3        EV: 13    Int: 13    God:
Gold:   39         SH:  0    Dex: 14    Spells: 2/2 levels left

rFire    . . .     SeeInvis .   l - +2 dagger (holy)
rCold    . . .     Gourm    .   (no shield)
rNeg     . . .     Faith    .   (helmet restricted)
rPois    .         Spirit   .   (no amulet)
rElec    .         Reflect  .   (no ring)
rCorr    .         Harm     .   (no ring)
MR       .....                  (no ring)
Stlth    ++++......             (no ring)
HPRegen  0.08/turn              (no ring)
MPRegen  0.08/turn              (no ring)
                                (no ring)
                                (no ring)

@: no status effects
A: almost no armour, stealthy swim, amphibious, 8 rings, constrict 8, camouflage
1, gelatinous body 1
a: no special abilities


You were on level 2 of the Dungeon.
You were not hungry.

You visited 1 branch of the dungeon, and saw 2 of its levels.

You collected 39 gold pieces.

Inventory:

Hand Weapons
 l - a +2 dagger of holy wrath (weapon)
Missiles
 b - 8 poisoned darts (quivered)
 c - 2 curare-tipped darts
Armour
 i - a +0 kite shield
Scrolls
 e - 2 scrolls of remove curse {unknown}
 g - 2 scrolls of blinking {unknown}
 h - a scroll of enchant weapon {unknown}
 j - a scroll of identify {unknown}
 k - a scroll of amnesia {unknown}
Potions
 a - a potion of haste {unknown}
Comestibles
 d - 2 rations
 f - 9 chunks of flesh


   Skills:
 - Level 2.0 Fighting
 + Level 3.8 Short Blades
 - Level 2.0 Throwing
 - Level 1.0 Dodging
 - Level 5.3 Stealth


You had 2 spell levels left.
You didn't know any spells.
Your spell library was empty.

Dungeon Overview and Level Annotations

Branches:
Dungeon (2/15)

Altars:


Innate Abilities, Weirdness & Mutations

You cannot wear most types of armour.
You are very stealthy in the water. (Stealth+)
You are amphibious.
You can wear up to eight rings at the same time.
You can use your tentacles to constrict eight enemies at once.
Your skin changes colour to match your surroundings (Stealth+).
Your rubbery body absorbs attacks. (AC +1, EV +1)


Message History

You constrict Robin.
Robin flexes a bicep menacingly.
Robin throws the goblin at you! The goblin hits you with a +0 dagger!
* * * LOW HITPOINT WARNING * * *
Unknown command.
You hit Robin but do no damage.
Robin is severely wounded.
You constrict Robin. The goblin hits you with a +0 club.
* * * LOW HITPOINT WARNING * * *
Robin roars a battlecry!
You hear a shout! x2
Unknown command.
You hit Robin but do no damage. You squeeze Robin.
You kill Robin!
The goblin closely misses you. The goblin completely misses you.
Unknown command.
You hit the goblin. Your grab misses the goblin.
The goblin is severely wounded.
The goblin barely misses you. The goblin hits you with a +0 club.
You die...

### ..# #.# #.#
#.# #.# #<#
#g####### #
#@..!....
##.#.###)g#####.
#...g....†......
...#g......#####.
#....####.# ##.#$
.# # # .# .# .#


You could see 2 goblins.

Vanquished Creatures
  Robin (D:2)
  A dart slug (D:1)
  7 goblins
  2 hobgoblins
  4 jackals (D:2)
  4 kobolds
  2 frilled lizards (D:1)
  5 rats (D:1)
26 creatures vanquished.

Notes
Turn   | Place    | Note
-------+----------+-------------------------------------------
     0 | D:1      | xccam the Octopode Assassin began the quest for the Orb.
     0 | D:1      | Reached XP level 1. HP: 14/14 MP: 1/1
   144 | D:1      | Reached XP level 2. HP: 13/19 MP: 2/2
   581 | D:2      | Reached XP level 3. HP: 14/24 MP: 3/3
   650 | D:2      | Noticed Robin
   657 | D:2      | Killed Robin
   658 | D:2      | Slain by a goblin

Illustrated notes

Levels and vault maps discovered:
D:1:      nzn_arrival_water_spiral, layout_rooms
D:2:      layout_loops_ring, lemuel_round_altar, yredelemnul_altar_generic,
          uniq_robin, uniq_terence

Skill      XL: |  1  2 |
---------------+-------+-----
Short Blades   | 3 |  3.8
Fighting       | |  2.0
Throwing       | |  2.0
Dodging        | |  1.0
Stealth        | |  5.3

Action                   || total
-------------------------++-------
Melee: Dagger            ||    58
       Constrict         ||    11
       Tentacles         ||     7
 Stab: Sleeping          ||     7
Armor: Skin              ||     5
Dodge: Dodged            ||    23
